 Dungeon Crawl Stone Soup version 0.27-a0-1256-gced786f65e (webtiles) character file.

Game seed: 1922801780982083023

22 funkygono the Stinger (level 3, -6/24 HPs)
             Began as a Formicid Venom Mage on June 10, 2021.
             Mangled by a gnoll
             ... wielding a +0 halberd
              (12 damage)
             ... on level 2 of the Dungeon.
             The game lasted 00:02:06 (920 turns).

funkygono the Stinger (Formicid Venom Mage)          Turns: 920, Time: 00:02:06

Health: -6/24      AC:  3    Str: 12    XL:     3   Next: 7%
Magic:  5/7        EV: 12    Int: 15    God:
Gold:   40         SH:  0    Dex: 11    Spells: 1/7 levels left

rFire    . . .     SeeInvis +   h - +0 club
rCold    + . .     Faith    .   (no shield)
rNeg     + . .     Spirit   .   a - +0 robe
rPois    .         Reflect  .   (helmet unavailable)
rElec    .         Harm     .   (no cloak)
rCorr    .         Rampage  .   b - +0 pair of gloves
Will     .....                  (no boots)
Stlth    ++........             (no amulet)
HPRegen  0.08/turn              c - ring of protection from cold
MPRegen  0.10/turn              j - ring of positive energy

@: no status effects
A: permanent stasis, dig shafts and tunnels, antennae 3, four strong arms
a: Dig, Shaft Self


You were on level 2 of the Dungeon.
You visited 1 branch of the dungeon, and saw 2 of its levels.

You collected 40 gold pieces.

Inventory:

Hand Weapons
 h - a +0 club (weapon)
Missiles
 g - 38 stones
Armour
 a - a +0 robe (worn)
 b - a +0 pair of gloves (worn)
Jewellery
 c - a ring of protection from cold (left hand)
 j - a ring of positive energy (right hand)
Scrolls
 d - a scroll of noise {unknown}
 f - a scroll of brand weapon {unknown}
 i - a scroll of acquirement {unknown}
Potions
 e - a potion of invisibility {unknown}


   Skills:
 + Level 1.8 Dodging
 - Level 2.4 Stealth
 * Level 2.8 Spellcasting
 + Level 1.2 Transmutations
 * Level 4.6 Poison Magic


You had one spell level left.
You knew the following spells:

 Your Spells              Type           Power      Damage    Failure   Level
a - Sting                 Tmut/Pois      44%        1d5       6%          1
b - Poisonous Vapours     Pois/Air       18%        N/A       12%         2
c - Ignite Poison         Fire/Tmut/Pois 8%         N/A       26%         3

Your spell library contained the following spells:

 Spells                   Type           Power      Damage    Failure   Level
 Olgreb's Toxic Radiance  Pois           16%        N/A       30%         4
 Mephitic Cloud           Conj/Pois/Air  6%         N/A       32%         3


Dungeon Overview and Level Annotations

Branches:
Dungeon (2/15)

Altars:


Innate Abilities, Weirdness & Mutations

You cannot be hasted, slowed, berserked, paralysed or teleported.
You can dig through walls and to a lower floor.
You have a pair of large antennae on your head. (SInv)
Your four strong arms can wield two-handed weapons with a shield.


Message History

The ball python hisses angrily.
Casting: Sting (safe; 6% risk of failure)
Confirm with . or Enter, or press ? or * to list all spells.
Aiming: Sting (safe; 6% risk of failure)
Press: ? - help, Shift-Dir - straight line, f - ball python
Aim: a ball python (68% to hit)
The sting hits the ball python.
The ball python is poisoned.
You kill the ball python!
You sense a monster nearby. 3 gnolls come into view.
The gnoll shouts!
You hear a shout!
Found a stone staircase leading up.
Casting: Sting (safe; 6% risk of failure)
Confirm with . or Enter, or press ? or * to list all spells.
You can't see any susceptible monsters within range! (Use Z to cast anyway.) Unknown command.
Casting: Sting (safe; 6% risk of failure)
Confirm with . or Enter, or press ? or * to list all spells.
Aiming: Sting (safe; 6% risk of failure)
Press: ? - help, Shift-Dir - straight line, f - gnoll
Aim: a gnoll, wielding a +0 halberd (75% to hit)
The sting hits the gnoll.
The gnoll is poisoned.
The gnoll is lightly wounded.
Casting: Sting (safe; 6% risk of failure)
Confirm with . or Enter, or press ? or * to list all spells.
Aiming: Sting (safe; 6% risk of failure)
Press: ? - help, Shift-Dir - straight line, f/p - gnoll
Aim: a gnoll, wielding a +0 halberd (moderately wounded, poisoned, 75% to hit)
The sting hits the gnoll.
The gnoll looks even sicker.
The gnoll is heavily wounded.
The gnoll hits you from afar with a +0 halberd.
Unknown command.
The gnoll hits you with a +0 halberd!
Ouch! That really hurt!
* * * LOW HITPOINT WARNING * * *
You hit the gnoll but do no damage.
The gnoll is severely wounded.
The gnoll hits you with a +0 halberd!
Ouch! That really hurt!
You die...

#(##.# #.# #..#
#.##.###########.# #..#
#.##.#...........###..######.
#.##.#.###########......<....
#..................#..g..ggg.
#.####.##.########....##
#.####.##.## ####.#
#......#.#.##########.#
#.#.....###.....@g....#
#.#)####.#.############
#.#.#####.## #.........#
....####### #####


You could see a gnoll (very poisoned).

Vanquished Creatures
  3 endoplasms
  A giant cockroach (D:2)
  3 goblins
  2 hobgoblins (D:1)
  5 ball pythons
  A bat (D:2)
  3 kobolds (D:2)
  2 rats (D:1)
20 creatures vanquished.

Notes
Turn   | Place    | Note
-------+----------+-------------------------------------------
     0 | D:1      | funkygono the Formicid Venom Mage began the quest for the
                  | Orb.
     0 | D:1      | Reached XP level 1. HP: 13/13 MP: 3/3
   176 | D:1      | Reached XP level 2. HP: 19/19 MP: 1/5
   221 | D:1      | Learned a level 2 spell: Poisonous Vapours
   392 | D:1      | You fall into a shaft and drop 1 floor!
   772 | D:2      | Reached XP level 3. HP: 23/24 MP: 1/7
   831 | D:2      | Learned a level 3 spell: Ignite Poison
   920 | D:2      | Mangled by a gnoll

Illustrated notes

Levels and vault maps discovered:
D:1:      sevenhm_arrival_forest_fort_large_4, layout_loops_ring,
          shapermc_ecumenical_altar_notcrosses
D:2:      layout_loops_ring, basic_altar

Action                   || total
-------------------------++-------
Melee: Club              ||     6
       Unarmed           ||     3
 Cast: Sting             ||    34
Armor: Robe              ||     6
Dodge: Dodged            ||    19

Table legend: (Time is in decaauts)
 A = Elapsed time spent in this place.
 B = Non-inter-level travel time spent in this place.
 C = Inter-level travel time spent in this place.
 D = Time resting spent in this place.
 E = Time spent auto-exploring this place.
 F = Levels seen in this place.
 G = Mean time per level.
                   A        B        C        D        E       F      G
               +--------+--------+--------+--------+--------+-----+--------+
         Total |    919 |    919 |      0 |      0 |    708 |   2 |  459.5 |
       Dungeon |    919 |    919 |      0 |      0 |    708 |   2 |  459.5 |
               +--------+--------+--------+--------+--------+-----+--------+

Top non-repeatable levels by time:
     D:2: 528 daAuts
     D:1: 391 daAuts
